 Dungeon Crawl Stone Soup version 0.30-a0-782-ge64f9170bb (webtiles) character file.

Game seed: 10268978785432975676

18 cheesebisquit the Chiller (level 2, 19/19 HPs)
             Began as a Merfolk Ice Elementalist on Feb 19, 2023.
             Quit the game on level 1 of the Dungeon.
             The game lasted 00:02:11 (382 turns).

cheesebisquit the Chiller (Merfolk Ice Elementalist) Turns: 382, Time: 00:02:11

Health: 19/19      AC:  2    Str:  8    XL:     2   Next: 66%
Magic:  5/5        EV: 12    Int: 14    God:
Gold:   7          SH:  0    Dex: 14    Spells: 5/6 levels left

rFire   . . .      SeeInvis .    c - +0 club
rCold   . . .      Faith    .    (no shield)
rNeg    . . .      Spirit   .    a - +0 robe
rPois   .          Reflect  .    (no helmet)
rElec   .          Harm     .    (no cloak)
rCorr   .          Rampage  .    (no gloves)
Will    .....                    (no boots)
Stlth   ++                       (no amulet)
HPRegen 0.23/turn                (no ring)
MPRegen 0.09/turn                (no ring)

@: no status effects
A: (nimble swimmer 2), mertail
a: no special abilities


You were on level 1 of the Dungeon.
You visited 1 branch of the dungeon, and saw 1 of its levels.

You collected 7 gold pieces.

Inventory:

Hand Weapons
 c - a +0 club (weapon)
Armour
 a - a +0 robe (worn)
 d - a +0 leather armour
Potions
 b - a potion of magic
 e - a potion of flight {unknown}


   Skills:
 - Level 2.6 Dodging
 - Level 2.1 Stealth
 + Level 2.5 Spellcasting
 + Level 4.8 Ice Magic


You had 5 spell levels left.
You knew the following spells:

 Your Spells              Type           Power      Damage    Failure   Level
a - Freeze                Ice            60%        1d7       3%          1

Your spell library contained the following spells:

 Spells                   Type           Power      Damage    Failure   Level
 Frozen Ramparts          Ice            30%        1d5       10%         3
 Ozocubu's Armour         Ice            15%        N/A       10%         3
 Summon Ice Beast         Ice/Summ       8%         N/A       63%         4


Dungeon Overview and Level Annotations

Branches:
Dungeon (1/15)

Altars:


Innate Abilities, Weirdness & Mutations

((You are very nimble when in or above water. (Stealth+, EV+, Speed+++)))
Your lower body shifts to a powerful aquatic tail in water.


Message History

The endoplasm is almost dead.
The ball python hisses angrily.
The endoplasm hits you.
You freeze the endoplasm.
You kill the endoplasm!
You freeze the quokka.
You kill the quokka!
You freeze the ball python.
The ball python is moderately wounded.
The ball python bites you. The ball python grabs you.
The ball python constricts you.
You hit the ball python.
You kill the ball python!
You see here a ball python corpse.
Found 3 stones.
A goblin comes into view. It is wielding a +0 club.
You freeze the goblin.
The goblin shouts!
The goblin is severely wounded.
The goblin closely misses you.
You freeze the goblin!
You kill the goblin!
A kobold comes into view. It is wielding a +0 short sword.
Found a scroll labelled KIOCKAQ FEIHO.
The kobold shouts!
A bat comes into view.
The bat moves out of view.
You freeze the kobold.
The kobold is heavily wounded.
The kobold hits you with a +0 short sword.
You freeze the kobold.
You kill the kobold!
A bat is nearby!
You freeze the bat.
You kill the bat!
Found 4 stones.
Are you sure you want to abandon this character and quit the game? (Confirm with "yes".)
Okay, then.
Okay, then.
Are you sure you want to abandon this character and quit the game? (Confirm with "yes".)

##P~~#.#P.P##
#......†.....[#
##PP#.#PP##
#.............#
####+####
#.........##..#
..#####.........# #..
.....##.....##### ##
... ?..........#######
(... ................#
.....##..............#
#.....@.............#
#...............#...#
#......)....(...#...#
#...............#...#
#..............)#...#
##########......#...#
############


There were no monsters in sight!

Vanquished Creatures
  2 ball pythons (D:1)
  2 endoplasms (D:1)
  2 goblins (D:1)
  A hobgoblin (D:1)
  2 jackals (D:1)
  A quokka (D:1)
  A bat (D:1)
  A frilled lizard (D:1)
  3 kobolds (D:1)
15 creatures vanquished.

Notes
Turn   | Place    | Note
-------+----------+-------------------------------------------
     0 | D:1      | cheesebisquit the Merfolk Ice Elementalist began the quest
                  | for the Orb.
     0 | D:1      | Reached XP level 1. HP: 13/13 MP: 3/3
   139 | D:1      | Reached XP level 2. HP: 14/19 MP: 1/5
   382 | D:1      | Quit the game

Illustrated notes

Levels and vault maps discovered:
D:1:      psy_arrival_terrarium, layout_basic

Action                     || total
---------------------------++-------
  Melee: Club              ||    15
         Unarmed           ||     3
   Cast: Freeze            ||    20
 Armour: Robe              ||     5
  Dodge: Dodged            ||    17

Table legend: (Time is in decaauts)
 A = Elapsed time spent in this place.
 B = Non-inter-level travel time spent in this place.
 C = Inter-level travel time spent in this place.
 D = Time resting spent in this place.
 E = Time spent auto-exploring this place.
 F = Levels seen in this place.
 G = Mean time per level.
                   A        B        C        D        E       F      G
               +--------+--------+--------+--------+--------+-----+--------+
         Total |    386 |    386 |      0 |      0 |    266 |   1 |  386.0 |
       Dungeon |    386 |    386 |      0 |      0 |    266 |   1 |  386.0 |
               +--------+--------+--------+--------+--------+-----+--------+

Top non-repeatable levels by time:
     D:1: 386 daAuts
